 Dungeon Crawl Stone Soup version 0.18-a0-1730-g73f0523 (webtiles) character file.

5571 Ijustatesigmund the Basher (level 10, -1/166 HPs)
             Began as an Ogre Hunter on Apr 10, 2016.
             Slain by an ogre
             ... wielding a +0 giant club
              (6 damage)
             ... on level 9 of the Dungeon.
             The game lasted 00:28:34 (11455 turns).

Ijustatesigmund the Basher (Ogre Hunter)           Turns: 11455, Time: 00:28:34

Health: -1/166     AC:  9    Str: 24    XL:     10   Next: 72%
Magic:  10/10      EV: 12    Int: 10    God:
Gold:   467        SH:  3    Dex: 13    Spells: 1 memorised, 7 levels left

rFire  . . .     SeeInvis .     v - +2 mace (protect)
rCold  . . .     Gourm    .     b - +1 robe
rNeg   . . .     Faith    .     (no shield)
rPois  +         Spirit   .     (helmet restricted)
rElec  .         Dismiss  .     (no cloak)
rCorr  .         Reflect  +     (gloves unavailable)
SustAt .         Harm     .     (boots unavailable)
MR     ++...                    I - +3 amulet of reflection
Stlth  ..........               l - ring of protection from magic
                                s - ring of poison resistance

@: berserking, repel missiles, very quick, very resistant to hostile
enchantments, extremely unstealthy
A: unfitting armour, tough skin 1
a: no special abilities


You were on level 9 of the Dungeon.
You were not hungry.

You visited 2 branches of the dungeon, and saw 10 of its levels.
You also visited: Ossuary.

You collected 467 gold pieces.

Inventory:

Hand Weapons
 p - a cursed +0 giant spiked club
 v - a +2 mace of protection (weapon)
 H - a +1 morningstar
Missiles
 c - 2 large rocks (quivered)
 i - 4 throwing nets
 m - 6 curare-tipped needles
Armour
 b - a +1 robe (worn)
Jewellery
 j - a +1 ring of evasion
 l - a ring of protection from magic (right hand)
 s - a ring of poison resistance (left hand)
 A - an uncursed ring of magical power
 I - a +3 amulet of reflection (around neck)
Wands
 d - a wand of random effects (30/48)
 x - a wand of iceblast (3/15)
 E - a wand of disintegration (8/24)
Scrolls
 a - 3 scrolls of recharging
 k - 4 scrolls of remove curse
 t - 2 scrolls of fear
 u - a scroll of enchant armour
 y - a scroll of teleportation
 B - 2 scrolls of noise
 D - a scroll of blinking {unknown}
 G - 2 scrolls of amnesia
Potions
 e - 3 potions of ambrosia
 g - 3 potions of brilliance
 h - a potion of resistance
 n - 2 potions of might
 o - a potion of cancellation
 q - 3 potions of lignification
 z - 3 potions of curing
 F - 3 potions of heal wounds
 J - a potion of invisibility
 K - a potion of mutation {unknown}
 L - a potion of berserk rage
Books
 C - a book of Air

   Spells                             Type                      Level
   a - Shock                          Conjuration/Air              1
   b - Swiftness                      Charms/Air                   2
   c - Repel Missiles                 Charms/Air                   2
   d - Static Discharge               Conjuration/Air              3
   e - Lightning Bolt                 Conjuration/Air              5
Comestibles
 f - 4 bread rations
 r - 2 slices of pizza
 w - 3 meat rations


   Skills:
 + Level 10.8 Fighting
 - Level 13.0 Maces & Flails
 - Level 7.2 Throwing
 + Level 4.9 Dodging
 - Level 0.7 Stealth
 - Level 1.3 Charms
 - Level 1.2 Air Magic


You had 7 spell levels left.
You knew the following spells:

 Your Spells              Type           Power        Failure   Level  Hunger
a - Repel Missiles        Chrm/Air       #.....       38%         2    ###....


Dungeon Overview and Level Annotations

Branches:
Dungeon (9/15)             Temple (1/1) D:5
   Lair: D:8-11         Orc: D:9-12

Altars:
Ashenzari
Cheibriados
Dithmenos
Elyvilon
Fedhas
Gozag
Kikubaaqudgha
Makhleb
Nemelex Xobeh
Okawaru
Pakellas
Qazlal
Ru
Sif Muna
Trog
Vehumet
Xom
Yredelemnul
Zin
The Shining One

Shops:
D:8 :


Innate Abilities, Weirdness & Mutations

You are too large for most types of armour.
You have tough skin (AC +1).


Message History

* * * LOW HITPOINT WARNING * * *
The griffon barely misses you. The ogre closely misses you.
Drink which item? (? for menu, Esc to quit)
A red film seems to cover your vision as you go berserk!
You feel yourself moving faster!
You feel mighty! The griffon bites you!
* * * LOW HITPOINT WARNING * * *
The griffon misses you.
The griffon claws you but does no damage.
You sock the griffon!
The griffon is almost dead.
The ogre completely misses you. The griffon completely misses you.
The griffon pecks you.
* * * LOW HITPOINT WARNING * * *
You block the griffon's attack.
You sock the griffon!
You kill the griffon!
You thump the ogre!
The ogre is heavily wounded.
The ogre hits you with a giant club.
You die...

####.........
#######.########
#.............#
#....≈≈≈......#
#.....≈≈≈.....#
#.....≈.......#
#.............#
#.............#
#........@....#
#.......O...?.#
.............#
............#
............#
#####.####### #.
#.


You could see an ogre.

Vanquished Creatures
  The ghost of abixa the Ruffian, a novice TrWr of Okawaru (D:6)
  Pikel (D:6)
  A griffon (D:9)
  Prince Ribbit (D:9)
  Sigmund (D:6)
  A wyvern (D:9)
  Menkaure (D:6)
  An orc warrior (D:7)
  2 ice beasts
  3 slaves (D:6)
  2 sky beasts
  5 ogres
  2 centaurs
  A big kobold (D:7)
  Blork the orc (D:4)
  2 elf zombies (Ossuary)
  A giant frog (D:7)
  2 scorpions
  8 wights
  3 howler monkeys
  5 crimson imps
  5 human zombies (Ossuary)
  A hound (D:5)
  3 gnoll shamans (D:5)
  2 orc priests
  A centaur skeleton (D:9)
  6 orc wizards
  Crazy Yiuf (D:2)
  Jessica (D:3)
  3 iguanas
  Ijyb (D:2)
  3 worker ants
  5 hound zombies
  3 mummies (Ossuary)
  46 gnolls
  A howler monkey skeleton (D:5)
  6 adders
  2 oozes
  4 adder zombies (Ossuary)
  An adder skeleton (D:4)
  4 worms
  A dart slug (D:1)
  5 giant geckos
  20 orcs
  7 giant cockroaches
  8 goblins
  10 hobgoblins
  28 jackals
  4 quokkas
  A ball python zombie (D:5)
  4 bats
  2 giant newts
  4 goblin zombies (Ossuary)
  5 hobgoblin zombies (Ossuary)
  3 jackal zombies (Ossuary)
  15 kobolds
  5 kobold zombies (Ossuary)
  An orc zombie (Ossuary)
  2 quokka zombies (Ossuary)
  8 rats
  A rat zombie (Ossuary)
278 creatures vanquished.

Notes
Turn   | Place    | Note
--------------------------------------------------------------
     0 | D:1      | Ijustatesigmund the Ogre Hunter began the quest for the Orb.
     0 | D:1      | Reached XP level 1. HP: 22/22 MP: 1/1
   257 | D:1      | Reached XP level 2. HP: 30/31 MP: 2/2
   262 | D:1      | Reached skill level 1 in Maces & Flails
   919 | D:1      | Reached XP level 3. HP: 37/39 MP: 3/3
  1699 | D:1      | Reached skill level 2 in Maces & Flails
  1936 | D:2      | Noticed Ijyb
  1949 | D:2      | Killed Ijyb
  1949 | D:2      | Reached skill level 3 in Maces & Flails
  1949 | D:2      | Reached XP level 4. HP: 33/49 MP: 4/4
  2072 | D:2      | Noticed Crazy Yiuf
  2074 | D:2      | Killed Crazy Yiuf
  2074 | D:2      | Reached skill level 4 in Maces & Flails
  2147 | D:2      | Reached XP level 5. HP: 51/55 MP: 5/5
  2752 | D:3      | Reached skill level 5 in Fighting
  2767 | D:3      | Reached skill level 5 in Maces & Flails
  2781 | D:3      | Reached XP level 6. HP: 39/66 MP: 6/6
  2949 | D:3      | Found a shadowy altar of Dithmenos.
  2950 | D:3      | Found a shattered altar of Ashenzari.
  2953 | D:3      | Found an oddly glowing altar of Pakellas.
  3196 | D:3      | Noticed Jessica
  3208 | D:3      | Found an opulent altar of Gozag.
  3212 | D:3      | Killed Jessica
  3343 | D:3      | Found a blossoming altar of Fedhas.
  3545 | D:4      | Reached skill level 6 in Maces & Flails
  3583 | D:4      | Noticed Blork the orc
  3587 | D:4      | Killed Blork the orc
  3587 | D:4      | Reached XP level 7. HP: 60/78 MP: 7/7
  3638 | D:4      | Reached skill level 7 in Maces & Flails
  3875 | D:4      | Found a white marble altar of Elyvilon.
  3880 | D:4      | Found an ancient bone altar of Kikubaaqudgha.
  3886 | D:4      | Found a sparkling altar of Nemelex Xobeh.
  4185 | D:4      | Found a glowing silver altar of Zin.
  4267 | D:5      | Entered Level 5 of the Dungeon
  4344 | D:5      | Found a staircase to the Ecumenical Temple.
  4463 | Temple   | Entered the Ecumenical Temple
  4496 | D:6      | Noticed Menkaure
  4497 | D:6      | Killed Menkaure
  4509 | D:6      | Noticed abixa's ghost (novice TrWr)
  4524 | D:6      | Killed abixa's ghost
  4524 | D:6      | Reached skill level 10 in Maces & Flails
  4524 | D:6      | Reached XP level 8. HP: 9/88 MP: 8/8
  4843 | D:6      | Noticed Sigmund
  4844 | D:6      | Killed Sigmund
  4844 | D:6      | Reached skill level 11 in Maces & Flails
  5162 | D:6      | Reached XP level 9. HP: 96/96 MP: 9/9
  5286 | D:6      | Reached skill level 5 in Throwing
  6017 | D:5      | Found a burning altar of Makhleb.
  6213 | D:5      | Learned a level 2 spell: Repel Missiles
  6304 | D:5      | Reached skill level 12 in Maces & Flails
  7897 | D:6      | Noticed Pikel
  7981 | D:6      | Killed Pikel
  8032 | D:6      | Found an iron altar of Okawaru.
  8032 | D:6      | Found a bloodstained altar of Trog.
  8083 | D:6      | Reached skill level 13 in Maces & Flails
  8299 | D:6      | Found a glowing golden altar of the Shining One.
  8410 | D:7      | Found a sand-covered staircase.
  8411 | D:7      | Noticed Prince Ribbit
  8444 | Ossuary  | Entered an ossuary
  8530 | Ossuary  | Reached skill level 1 in Charms
  8672 | Ossuary  | Reached XP level 10. HP: 97/106 MP: 10/10
  8717 | Ossuary  | Reached skill level 1 in Air Magic
  9162 | D:7      | Found a sacrificial altar of Ru.
 10422 | D:8      | Found Tyakhuci's Book Emporium.
 10570 | D:8      | Reached skill level 10 in Fighting
 11067 | D:9      | Killed Prince Ribbit
 11433 | D:9      | Noticed a griffon
 11453 | D:9      | HP: 5/166 [griffon (6)]
 11454 | D:9      | Killed a griffon
 11455 | D:9      | Slain by an ogre

Vault maps used:
D:1:      evilmike_arrival_rings
D:2:      uniq_iyjb, uniq_crazy_yiuf_cottage
D:3:      minmay_door_path, grunt_temple_overflow_open, fedhas_altar_1,
          nicolae_gozag_seed_capital, uniq_jessica
D:4:      zin_scriptorium, minmay_overflow_temple_star_quad, first_bread,
          uniq_blork_the_orc
D:5:      lemuel_castle_with_subvaults, minmay_temple_entry_trees,
          makhleb_heckhound_becter
D:6:      grunt_temple_overflow_bloody_war, nicolae_tso_swordbearing_angel,
          uniq_menkaure, uniq_pikel, uniq_sigmund
D:7:      basic_altar, lightli_ossuary_entry_decrepit_ruins,
          grunt_decor_arrowhead, uniq_prince_ribbit1
D:8:      serial_shops, nicolae_shop_temple_entry_statues_fountains
D:9:      old_standard_altar, lair_0_dummy, uniq_joseph
Temple:   nicolae_temple_no_exploring_needed
Ossuary:  minmay_ossuary_two_tombs

Skill      XL: |  1  2  3  4  5  6  7  8  9 10 |
---------------+-------------------------------+-----
Fighting       | 3 4 5 7 8 10 | 10.8
Maces & Flails | 1 3 4 5 6 10 11 13 | 13.0
Throwing       | 7 |  7.2
Charms         | 1 |  1.3
Air Magic      | 1 |  1.2
Dodging        | 4 |  4.9
Stealth        | |  0.7

Action                   |  1- 3 |  4- 6 |  7- 9 | 10-12 || total
-------------------------+-------+-------+-------+-------++-------
Melee: Short sword       |    16 |       |       |       ||    16
       Mace              |   135 |   144 |   445 |   374 ||  1098
Throw: Large rock        |     4 |    16 |    33 |     3 ||    56
       Throwing net      |       |       |     7 |       ||     7
 Cast: Repel Missiles    |       |       |     2 |     2 ||     4
Evoke: Wand              |       |       |     4 |       ||     4
  Use: Scroll            |     7 |     5 |     6 |     5 ||    23
       Potion            |       |     2 |     5 |     1 ||     8
 Stab: Sleeping          |     2 |       |       |     2 ||     4
       Held in net/web   |       |       |     2 |       ||     2
  Eat: Chunk             |     3 |     6 |    14 |     8 ||    31
       Fruit             |       |       |     3 |       ||     3
       Pizza             |       |       |       |     1 ||     1
